[Event "*** Titled Tuesday Blitz"]
[Site "Chess.com"]
[Date "2020.05.26"]
[Round "8"]
[White "pfalcon1949"]
[Black "pavelalexandru07"]
[Result "1-0"]
[WhiteElo "2058"]
[BlackElo "2135"]
[TimeControl "180+1"]
[EndTime "11:41:43 PDT"]
[Termination "pfalcon1949 won on time"]

1. d4 Nf6 2. c4 c5 3. d5 e6 4. Nc3 exd5 5. cxd5 d6 6. Nf3 g6 7.
Bf4 Bg7 8. Qa4+ Bd7 9. Qb3 b5 10. Bxd6 Qb6 11. Be5 c4 12. Qb4 a5 13. Qd6 Qxd6 14.
Bxd6 b4 15. Nd1 Nxd5 16. e4 Nb6 17. Bc5 Na4 18. Bd4 Bxd4 19. Nxd4 Nb6 20. Ne3 Nc6 21. Nb5 O-O 22. Nxc4 Nxc4 23. Bxc4 Ne5 24. Be2 Bc6 25. f3 Rfd8 26. Rd1 Rxd1+ 27. Kxd1 Rd8+ 28. Kc2 Rc8 29. Kd2 Rd8+ 30. Ke3 f5 31. Rc1 fxe4 32. fxe4 Be8 33. Rc5 Nc6 34. Bc4+ Kh8 35. Nc7 Nd4 36. Nxe8 Nc2+ 37.
Ke2 Nd4+ 38. Ke3 Nc2+ 39. Kf4 Rxe8 40. Bd5 Rf8+ 41. Ke5 Ne3 42. Rc7 Nxg2 43. Bf7 Ne3 44. Kf6 Ng4+ 45. Ke7 Rb8 46. Bd5 Nxh2 47. Kf6 Ng4+ 48.
Kg5 Ne3 49. Bb3 Rb5+ 50. Kf6 Rb8 51. Kg5 Rb5+ 52. Kf6 Rb8 53. e5 1-0

[Event "*** Titled Tuesday Blitz"]
[Site "Chess.com"]
[Date "2020.05.26"]
[Round "8"]
[White "GMStefanova"]
[Black "Alexander_Moskalenko"]
[Result "0-1"]
[WhiteElo "2640"]
[BlackElo "2797"]
[TimeControl "180+1"]
[EndTime "11:41:44 PDT"]
[Termination "Alexander_Moskalenko won on time"]

1. Nf3 c6 2. g3 d5 3. Bg2 Bg4 4.
O-O Nd7 5. h3 Bh5 6. d3 e6 7. Qe1 Bd6 8. e4 Ne7 9. Nc3 O-O 10. Nh2 Qc7 11. Kh1 f5 12. f4 Rae8 13. e5 Bb4 14. a3 Ba5 15. b4 Bb6 16. g4 Bg6 17. Na4 c5 18. Nxb6 axb6 19. b5 c4 20. g5 cxd3 21. cxd3 Bh5 22. Be3 Qc2 23. Bf3 Bxf3+ 24.
Rxf3 Qxd3 25. Bxb6 Qxb5 26. Rb1 Qc4 27. Bf2 b5 28.
Rb4 Qc6 29. Rc3 Qa8 30. Nf3 d4 31. Rxd4 Nd5 32. Rb3 Nc5 33. Rxb5 Ne4 34. Kh2 Nxf4 35.
Nh4 Qxa3 36. Be3 Qa2+ 37. Kh1 Nxh3 38. Rdb4 Nhf2+ 39. Kg1 Nd3 40. Qb1 Nxb4 41. Rxb4 Qxb1+ 42. Rxb1 Rb8 43. Rf1 g6 44. Ng2 Rb3 45. Rd1 Rfb8 46. Bf4 Rb1 47. Rxb1 Rxb1+ 48. Kh2 Kf7 49. Be3 Rb2 50.
Kh3 Nf2+ 51. Kg3 Nd3 52. Nf4 Nxf4 53. Kxf4 Rb3 54. Kf3 Ke8 55. Kf4 Kd7 0-1

[Event "*** Titled Tuesday Blitz"]
[Site "Chess.com"]
[Date "2020.05.26"]
[Round "8"]
[White "elamier"]
[Black "lelya96"]
[Result "0-1"]
[WhiteElo "2101"]
[BlackElo "2265"]
[TimeControl "180+1"]
[EndTime "11:41:44 PDT"]
[Termination "lelya96 won on time"]

1. d4 Nf6 2. Bg5 e6 3. e4 Be7 4.
e5 Nd5 5. Bxe7 Nxe7 6. Nc3 d5 7. Qg4 Ng6 8. Nf3 h5 9. Qg3 Nd7 10. Bd3 Ndf8 11. Ne2 Bd7 12. Nf4 Nxf4 13. Qxf4 Qe7 14. O-O O-O-O 15. c3 f5 16. Ng5 Ng6 17. Qd2 f4 18.
Nf3 Nh4 19. Qxf4 Nxf3+ 20. Qxf3 Rdf8 21. Qe3 g5 22. f4 g4 23. Rae1 Rh6 24. f5 Rfh8 25.
f6 Qf7 26. c4 c6 27. cxd5 cxd5 28. Rc1+ Kb8 29. Qd2 Bc6 30. Qb4 Rc8 31. Qe7 Rc7 32. Qd8+ Rc8 33. Qd6+ Ka8 34. Rxc6 bxc6 35. Ba6 Rhh8 36.
Bxc8 Rxc8 37. Qe7 Rc7 38. Qxf7 Rxf7 39. Kf2 Kb7 40. Ke3 Kc8 41. Kf4 Kd8 42. Kg5 Ke8 43. Kxh5 Rh7+ 44. Kxg4 Rxh2 45. Kg3 Rh5 46. Rc1 Kd7 47. b4 Rf5 48. a4 a6 49. b5 axb5 50. axb5 cxb5 51. Rb1 Kc6 52. Ra1 b4 53. Ra8 b3 54.
Kg4 Kb5 55. Rb8+ Kc4 0-1

[Event "*** Titled Tuesday Blitz"]
[Site "Chess.com"]
[Date "2020.05.26"]
[Round "8"]
[White "oykuince"]
[Black "almaguerjm"]
[Result "0-1"]
[WhiteElo "2044"]
[BlackElo "2346"]
[TimeControl "180+1"]
[EndTime "11:41:45 PDT"]
[Termination "almaguerjm won by resignation"]

1. e4 e5 2. Nc3 Nc6 3. g3 Bc5 4. Bg2 d6 5. Nge2 Nge7 6. O-O O-O 7. Na4 a6 8. Nxc5 dxc5 9. d3 Bg4 10. h3 Be6 11. f4 exf4 12. Nxf4 Bd7 13. Be3 b6 14. Qd2 Ne5 15. c3 Bb5 16. Rad1 Qd7 17. b3 Rad8 18. c4 Bc6 19. Nd5 N7g6 20. Qc3 Bxd5 21. exd5 f6 22. d4 cxd4 23. Bxd4 Rfe8 24. Kh2 Nf7 25.
Rde1 Rxe1 26. Rxe1 Re8 27. Rxe8+ Qxe8 28. Qd3 Nge5 29.
Qe4 Ng5 30. Qf5 Ng6 31. h4 Nf7 32. Qe6 Qxe6 33. dxe6 Nd6 34. c5 bxc5 35. Bxc5 Ne5 36. Bd5 Kf8 37. Bb7 a5 38. Bc8 Ke7 39. Bxd6+ cxd6 40. Kh3 Nc6 41. Bb7 Nd4 42. Bd5 Nxe6 43. Be4 g6 44. g4 Nc5 45. Bc2 Ke6 46. Kg3 Ke5 47.
h5 f5 48. hxg6 hxg6 49. gxf5 gxf5 50. Kf3 Ne6 51. Ke2 Nd4+ 52. Kd2 Nxc2 53. Kxc2 Kd4 54. Kd2 d5 55. Ke2 Kc3 56. Kf3 Kb2 57. Kf4 Kxa2 58. Kxf5 Kxb3 59. Ke5 a4 60. Kxd5 a3 61. Kd4 a2 62. Kc5 a1=Q 63. Kc6 Qd4 64. Kc7 Qf6 65. Kb7 Qd6 66. Ka7 0-1

[Event "*** Titled Tuesday Blitz"]
[Site "Chess.com"]
[Date "2020.05.26"]
[Round "8"]
[White "enriquetejedor"]
[Black "tylityli"]
[Result "1-0"]
[WhiteElo "2446"]
[BlackElo "2299"]
[TimeControl "180+1"]
[EndTime "11:41:46 PDT"]
[Termination "enriquetejedor won by resignation"]

1. d4 Nf6 2. c4 e6 3. Nc3 Bb4 4. Qc2 d5 5. Bg5 h6 6. Bxf6 Qxf6 7. e3 O-O 8. cxd5 exd5 9. Nf3 c6 10. Bd3 Bg4 11.
Ne5 Be6 12. Qb3 a5 13. a3 Bxc3+ 14. bxc3 b5 15. a4 bxa4 16. Qb7 Nd7 17. Nxd7 Bxd7 18.
Qxd7 g6 19. Qh3 Kg7 20. O-O Rfb8 21. Rxa4 Rb3 22. Rc1 Rb2 23. Qf3 Qd6 24. Qg3 Qd7 25. h4 h5 26. Rca1 Qd8 27. c4 Rb4 28. Rxb4 axb4 29. Rxa8 Qxa8 30. cxd5 cxd5 31. Qe5+ Kh7 32. Qe7 Kg8 33. Qxb4 Qa1+ 34. Kh2 Qa7 35. Qd6 Qa5 36. Bxg6 fxg6 37. Qxg6+ Kf8 38. Qf5+ Kg7 39. Qg5+ Kf8 40. Qf6+ Ke8 41. Qg6+ Kd8 42. Qxh5 Qc7+ 43. Qe5 Qa5 44. Qd6+ Ke8 45. Qe6+ Kf8 46. Qf5+ Kg7 47. Qg4+ Kf7 48. Qf4+ Ke7 49. h5 Qa8 50. h6 Qh8 51. Qe5+ Qxe5+ 52. dxe5 1-0

[Event "*** Titled Tuesday Blitz"]
[Site "Chess.com"]
[Date "2020.05.26"]
[Round "8"]
[White "mamey78"]
[Black "dennisodessa"]
[Result "0-1"]
[WhiteElo "2386"]
[BlackElo "2262"]
[TimeControl "180+1"]
[EndTime "11:41:46 PDT"]
[Termination "dennisodessa won by resignation"]

1. e4 e6 2. d4 d5 3. Nd2 Nf6 4. e5 Nfd7 5. f4 c5 6. Ngf3 Nc6 7. Nb3 c4 8. Nbd2 b5 9. Be2 b4 10. Nf1 a5 11. Ne3 Nb6 12. O-O g6 13. Bd2 Be7 14.
Be1 Ba6 15. Bf2 a4 16. Qe1 c3 17. Bxa6 Rxa6 18. bxc3 Nc4 19. cxb4 Nxb4 20. Nxc4 dxc4 21. Qe2 Qc7 22. Nd2 O-O 23. Ne4 Rc6 24. c3 Nd3 25.
Qg4 Rb8 26. Bh4 Kg7 27. Bf6+ Bxf6 28. exf6+ Kg8 29. Qg5 Qd8 30. f5 exf5 31. Rxf5 Rb2 32. Rd5 Qf8 33. Rf1 Rcb6 34. h3 Rb1 35. Rxb1 Rxb1+ 36. Kh2 Qb8+ 37. Re5 Nxe5 38. dxe5 Re1 39. Nd6 Qb6 40.
Qh6 Qg1+ 41. Kg3 Qe3+ 42. Qxe3 Rxe3+ 43. Kf4 Rxc3 0-1

[Event "*** Titled Tuesday Blitz"]
[Site "Chess.com"]
[Date "2020.05.26"]
[Round "8"]
[White "velemajstor767276"]
[Black "UCantHandleDenker"]
[Result "1-0"]
[WhiteElo "2594"]
[BlackElo "2456"]
[TimeControl "180+1"]
[EndTime "11:41:48 PDT"]
[Termination "velemajstor767276 won by resignation"]

1. d4 Nf6 2. Bg5 d6 3. Nc3 Nbd7 4.
e4 e5 5. Nf3 Be7 6. Bc4 O-O 7.
O-O c6 8. a4 b6 9. Qe2 a6 10.
dxe5 dxe5 11. Rad1 Qc7 12. Nh4 Nc5 13. Nf5 Bxf5 14.
exf5 b5 15. Bd3 b4 16. Bxf6 Bxf6 17. Ne4 Nxa4 18. Nxf6+ gxf6 19. Qg4+ Kh8 20. Qxb4 Nb6 21. Qh4 Qe7 22. Rfe1 Rg8 23. f4 Rg7 24. fxe5 Qc5+ 25.
Qf2 Qxf2+ 26. Kxf2 fxe5 27. Rxe5 f6 28. Re6 Nd5 29.
g3 a5 30. Rxc6 Rf8 31. Be4 Nb4 32. Rcd6 Re7 33. Kf3 Rfe8 34. R1d4 Na2 35. Rd8 Kg7 36. Rxe8 Rxe8 37. Rd7+ Kh6 38. Rf7 Nb4 39. Rxf6+ Kg7 40. Rb6 Rd8 41. c3 Nd5 42. Bxd5 Rxd5 43. Rb7+ Kf6 44. g4 h5 45. h3 Rd1 46. Rb6+ Kf7 47.
g5 Rf1+ 48. Ke4 Re1+ 49. Kd5 Rd1+ 50. Kc4 Rg1 51. Rb7+ Ke8 52. g6 Rg5 53. g7 h4 54.
f6 a4 55. Rb8+ Kf7 56. Rf8+ Ke6 57. g8=Q+ 1-0

[Event "*** Titled Tuesday Blitz"]
[Site "Chess.com"]
[Date "2020.05.26"]
[Round "8"]
[White "politeplayer"]
[Black "DrBergerBerger"]
[Result "0-1"]
[WhiteElo "2189"]
[BlackElo "2365"]
[TimeControl "180+1"]
[EndTime "11:41:50 PDT"]
[Termination "DrBergerBerger won by resignation"]

1. e4 e6 2. d4 d5 3. exd5 exd5 4.
Nf3 Nf6 5. Bd3 c5 6. O-O c4 7.
Re1+ Be7 8. Be2 O-O 9. Bf4 Nc6 10. b3 cxb3 11. axb3 Bf5 12. c4 Bb4 13. Rf1 Re8 14.
Ne5 dxc4 15. Bxc4 Be6 16. Nxc6 bxc6 17. Bg5 h6 18. Bh4 Bxc4 19. bxc4 Re4 20. Bg3 Rxd4 21.
Qa4 c5 22. Be5 Rxc4 23. Qc6 Qc8 24. Qxc8+ Rxc8 25. Bxf6 gxf6 26. Rxa7 Re8 27. Na3 Bxa3 28. Rxa3 Re2 29. Rf3 Kg7 30. Rg3+ Kf8 31. Rd1 Rd4 32. Rc1 Red2 33. h3 Rd1+ 34. Rxd1 Rxd1+ 35. Kh2 Rd5 36. Rc3 h5 37. Kg3 Ke7 38. Kf4 Kd6 39. g4 hxg4 40. Kxg4 Ke5 41. Rf3 c4 42. h4 Rd4+ 43. Kg3 Rd3 44.
Rxd3 cxd3 45. Kf3 Kf5 46. Ke3 Kg4 47. Kxd3 Kxh4 48. Ke4 Kg4 49. f3+ Kg5 50. f4+ Kg4 51. f5 Kg5 52. Ke3 Kxf5 53. Kf3 Ke5 54. Ke3 f5 55. Kf3 f4 56. Ke2 Ke4 57. Kf2 f3 58.
Ke1 Ke3 59. Kf1 f2 0-1

[Event "*** Titled Tuesday Blitz"]
[Site "Chess.com"]
[Date "2020.05.26"]
[Round "8"]
[White "The_Machine04"]
[Black "PIwan"]
[Result "0-1"]
[WhiteElo "2285"]
[BlackElo "2508"]
[TimeControl "180+1"]
[EndTime "11:41:50 PDT"]
[Termination "PIwan won by resignation"]

1. d4 d5 2. Bf4 e6 3. e3 Bd6 4.
Bg3 Nf6 5. Bd3 c5 6. c3 Qc7 7. Nd2 Nbd7 8. Bxd6 Qxd6 9. f4 cxd4 10. cxd4 O-O 11.
Ngf3 a5 12. Ne5 b6 13. Qe2 Bb7 14. O-O Ne4 15. Nxd7 Qxd7 16. Nxe4 dxe4 17. Bb5 Qd5 18. Rfc1 Rfc8 19. Bc4 Qd7 20. Bb5 Bc6 21. a4 Rc7 22. Rc3 Bxb5 23. Qxb5 Qxb5 24. axb5 Rxc3 25. bxc3 Rc8 26.
Ra3 Rc4 27. Kf2 Kf8 28. Ke2 Ke7 29. Kd2 Kd6 30. Kc2 f6 31. Ra1 Kd5 32. g3 e5 33. fxe5 fxe5 34. Rf1 exd4 35. exd4 Rc7 36. Kb3 e3 37. Kc2 Kc4 38. d5 Kxd5 39. Kd3 Re7 40. Rf5+ Re5 41. c4+ Kd6 42. Rxe5 Kxe5 43. Kxe3 a4 44. Kd3 a3 45. Kc3 a2 46. Kb2 Kd4 47.
Kxa2 Kxc4 48. Ka3 Kxb5 49. Kb3 Kc5 50. Kc3 b5 51. Kb3 g5 52. h4 g4 53. h5 Kd4 54.
Kb4 Ke4 55. Kxb5 Kf3 56. Kc6 Kxg3 57. Kd6 Kh4 58. Ke6 Kxh5 59. Kf5 Kh4 60. Kf6 h5 61.
Kg7 g3 62. Kh7 g2 0-1

[Event "*** Titled Tuesday Blitz"]
[Site "Chess.com"]
[Date "2020.05.26"]
[Round "8"]
[White "Zmeeed63"]
[Black "Irochka83"]
[Result "0-1"]
[WhiteElo "2233"]
[BlackElo "2394"]
[TimeControl "180+1"]
[EndTime "11:41:51 PDT"]
[Termination "Irochka83 won by resignation"]

1. d4 d5 2. c4 dxc4 3. Nf3 Nf6 4.
e3 e6 5. Bxc4 c5 6. O-O Nc6 7. Nc3 a6 8. a4 Be7 9. dxc5 Qxd1 10.
Rxd1 Bxc5 11. b3 b6 12. Ba3 Bb7 13. Bxc5 bxc5 14. Rd6 Ke7 15. Rad1 Rhc8 16. e4 Rc7 17. e5 Ng4 18. Ne4 Ncxe5 19. Nxe5 Nxe5 20. Ng5 Nxc4 21. bxc4 Bd5 22. Nxf7 Bxc4 23. Ne5 Bd5 24. Rb6 c4 25.
Rc1 c3 26. Nd3 Be4 27. Nb4 a5 28. Na6 Rc4 29. f3 Bc6 30. Nb8 Rxb8 31. Rxb8 Bxa4 32. Rb7+ Kf6 33. Ra7 Rc5 34. Kf2 c2 35. Ke3 Rd5 36. Rc7 Rd1 37. R7xc2 Bxc2 38. Rxc2 Ra1 39. Rc6 a4 40. Ra6 Ra2 41. g4 a3 42. h4 h6 43.
Kf4 Ra1 44. g5+ hxg5+ 45. hxg5+ Kf7 46. Ke5 Re1+ 47. Kf4 Ra1 48. Ke5 a2 49. g6+ Ke7 50.
Rxe6+ Kd7 51. Ra6 Re1+ 0-1

[Event "*** Titled Tuesday Blitz"]
[Site "Chess.com"]
[Date "2020.05.26"]
[Round "8"]
[White "TST2014"]
[Black "francyIM"]
[Result "0-1"]
[WhiteElo "2528"]
[BlackElo "2709"]
[TimeControl "180+1"]
[EndTime "11:41:52 PDT"]
[Termination "francyIM won by resignation"]

1. d4 Nf6 2. c4 e6 3. Nf3 b6 4. a3 Bb7 5. Nc3 d5 6. cxd5 Nxd5 7. e3 Be7 8. Bb5+ c6 9. Bd3 Nd7 10. e4 Nxc3 11. bxc3 O-O 12. O-O c5 13. Bf4 Rc8 14. d5 c4 15. Bc2 exd5 16. exd5 Nc5 17. d6 Bf6 18. Nd4 Ba6 19. Bf5 Bxd4 20. Qxd4 Nb3 21.
Qe4 Nxa1 22. Bxc8 Qxc8 23. Rxa1 Qd7 24. Qe7 Rd8 25. Re1 f6 26. h4 Bb5 27. h5 Re8 28.
Qxe8+ Qxe8 29. Rxe8+ Bxe8 30. g4 Kf7 31. f3 Ke6 32.
Kf2 g5 33. hxg6 hxg6 34. Ke3 Kd5 35. Bg3 Bd7 36. Kd2 Ke6 37. Ke3 Kd5 38. Kd2 f5 39.
gxf5 Bxf5 40. Ke3 Kc5 41. Be5 Kc6 42. Kf4 Kd5 43. Bd4 Kxd6 44. Kg5 Kc6 45. f4 Kb5 46. Be5 Ka4 47. Bb8 Kxa3 48. Bxa7 Kb3 49. Bxb6 Kxc3 50. Kf6 Kd3 51. Ke5 c3 52. Bc5 c2 53. Ba3 Kd2 54.
Kd4 c1=Q 55. Bxc1+ Kxc1 56. Kc3 Kd1 57. Kd4 Ke2 58.
Ke5 Kf3 59. Kd4 Kxf4 60. Kc3 g5 61. Kd2 Kf3 62. Ke1 Bd3 63. Kd2 g4 64. Kxd3 g3 65.
Kd4 g2 66. Ke5 g1=Q 67. Kf5 Qc5+ 68. Ke6 Ke4 69. Kf7 Qb6 70. Ke7 Ke5 71. Kd7 Qb7+ 72. Ke8 Ke6 0-1

[Event "*** Titled Tuesday Blitz"]
[Site "Chess.com"]
[Date "2020.05.26"]
[Round "8"]
[White "BLITZMASTER"]
[Black "KNVB"]
[Result "0-1"]
[WhiteElo "2493"]
[BlackElo "2762"]
[TimeControl "180+1"]
[EndTime "11:41:52 PDT"]
[Termination "KNVB won by resignation"]

1. e4 c5 2. Nf3 e6 3. d4 cxd4 4. Nxd4 Nc6 5. Nc3 Qc7 6. Be2 a6 7. O-O b5 8. Nxc6 Qxc6 9. e5 Bb7 10. Bf3 Qc7 11. Bxb7 Qxb7 12. Re1 Ne7 13. Ne4 Nd5 14. Qg4 Rc8 15. c3 Qc7 16. Qg3 f5 17. Nd6+ Bxd6 18.
exd6 Qd8 19. Qxg7 Qf6 20. Bh6 Qxg7 21. Bxg7 Rg8 22. Be5 Rg4 23. Rad1 Kf7 24. Rd3 h5 25. h3 Rgc4 26. Kh2 Rg8 27. g3 Rc6 28. Rd4 Rc4 29. Red1 Rgc8 30. R4d3 a5 31. Bd4 b4 32. b3 Rxc3 33.
Bxc3 bxc3 34. Rc1 Rc6 35. Kg1 Ra6 36. Kf1 a4 37. Rcxc3 Nxc3 38. Rxc3 axb3 39. axb3 Rxd6 40. Rc4 Rd2 41. b4 Rb2 42. Rh4 Kg6 43. Rd4 d5 44. h4 Kf6 45. Rf4 Ke5 46. Rf3 Rxb4 47. Re3+ Re4 48. Ra3 f4 49. Ra8 fxg3 50. fxg3 Rg4 51.
Kf2 Rg6 52. Ra5 Rf6+ 53. Ke2 Ke4 54. Ra3 d4 55. Ra5 e5 56. Ra3 Rg6 57. Kf2 Rb6 58. Ke2 Rb2+ 59. Kf1 d3 60. Ke1 Ke3 61. Kf1 e4 62.
Ra1 Rh2 63. Kg1 Re2 64. Rf1 d2 0-1

[Event "*** Titled Tuesday Blitz"]
[Site "Chess.com"]
[Date "2020.05.26"]
[Round "8"]
[White "MartinMatthiesen"]
[Black "Unknown_IM"]
[Result "1/2-1/2"]
[WhiteElo "2382"]
[BlackElo "2520"]
[TimeControl "180+1"]
[EndTime "11:41:54 PDT"]
[Termination "Game drawn by agreement"]

1. d4 d5 2. c4 c6 3. Nf3 Nf6 4. Nc3 e6 5. e3 Nbd7 6. Bd3 dxc4 7. Bxc4 b5 8. Bd3 a6 9. e4 c5 10. e5 cxd4 11. Nxb5 axb5 12. exf6 gxf6 13. O-O Qb6 14. Qe2 b4 15. Rd1 Bb7 16. Nxd4 Rg8 17. Be4 Bc5 18. Bxb7 Qxb7 19. Qf3 Qxf3 20. Nxf3 Rg4 21. Bd2 Ke7 22. h3 Rc4 23. Ne1 Ne5 24. Kf1 Rd8 25. Ke2 Nc6 26. Nf3 Nd4+ 27. Nxd4 Bxd4 28. Rac1 Rxc1 29.
Rxc1 Bxb2 30. Bxb4+ Ke8 31. Rc7 Rd7 32. Rxd7 Kxd7 33.
g4 Kc6 34. Kd3 Kb5 35. Bc3 Bc1 36. f3 Bg5 37. Ke4 Ka4 38. Kd4 Ka3 39. Kc5 Kxa2 40. Kd6 Kb3 41. Ba1 Kc4 42. Ke7 f5+ 43. Kxf7 fxg4 44.
hxg4 Kd5 45. Kg7 e5 46. Kxh7 e4 47. fxe4+ Kxe4 48. Kg6 Kf4 49. Kh5 Be7 50. Bc3 Ke4 51. Bd2 Ke5 52. Bg5 Bc5 53. Kg6 Ke6 54. Bd2 Be7 55.
Bg5 Bc5 56. Bh4 Be3 57. Bg3 1/2-1/2

[Event "*** Titled Tuesday Blitz"]
[Site "Chess.com"]
[Date "2020.05.26"]
[Round "8"]
[White "Arjun2002"]
[Black "Vaathi_Coming"]
[Result "0-1"]
[WhiteElo "2664"]
[BlackElo "2854"]
[TimeControl "180+1"]
[EndTime "11:41:55 PDT"]
[Termination "Vaathi_Coming won on time"]

1. e4 c6 2. Nf3 d5 3. Nc3 dxe4 4. Nxe4 Nf6 5. Qe2 Nxe4 6. Qxe4 Qd5 7. Qf4 Qf5 8. Qxf5 Bxf5 9. d3 Nd7 10. g3 e5 11.
Bg2 O-O-O 12. Bd2 Bc5 13. Bc3 Rhe8 14. Ng5 Re7 15. Ne4 Bxe4 16. Bxe4 Bd4 17. Bxd4 exd4 18.
Kd2 g6 19. Rae1 Kc7 20. h4 h5 21.
Bg2 Rde8 22. Rxe7 Rxe7 23. Re1 Rxe1 24. Kxe1 Kd6 25. Kd2 Nc5 26. c3 dxc3+ 27. bxc3 b5 28. Bh3 a5 29. a3 f5 30. Bg2 Nd7 31. Bf3 Ne5 32. Be2 Kd5 33. Ke3 c5 34. Bd1 Ng4+ 35. Ke2 c4 36. Bc2 Ne5 37. d4 Nc6 38. Ke3 b4 39.
axb4 axb4 40. cxb4 Nxb4 41. Ba4 c3 42. Bb3+ Kd6 43. Kf4 c2 44. Bxc2 Nxc2 45. Kg5 Nxd4 46. Kxg6 Ke6 47. Kxh5 Kf6 48. g4 f4 49. g5+ Kf5 50. Kh6 Kg4 51. h5 Nf5+ 52. Kg6 Nh4+ 53. Kh6 f3 0-1

[Event "*** Titled Tuesday Blitz"]
[Site "Chess.com"]
[Date "2020.05.26"]
[Round "8"]
[White "Fortitudine"]
[Black "jonaszmb"]
[Result "1-0"]
[WhiteElo "2329"]
[BlackElo "2456"]
[TimeControl "180+1"]
[EndTime "11:41:55 PDT"]
[Termination "Fortitudine won by resignation"]

1. d4 d5 2. Nc3 Nf6 3. Bg5 Nbd7 4. Nf3 c6 5. e3 Qa5 6. Qd2 e6 7. Bd3 Bb4 8. Bxf6 Nxf6 9. a3 Bxc3 10. bxc3 Ne4 11. Bxe4 dxe4 12. Ne5 f6 13. Nc4 Qd5 14. Qe2 O-O 15. Nd2 f5 16. Qc4 Qd6 17. Qb4 Qc7 18.
Nc4 b6 19. O-O Ba6 20. Rfd1 Rfd8 21. a4 c5 22. dxc5 bxc5 23. Qa5 Qxa5 24. Nxa5 Be2 25. Re1 Bh5 26. Nc4 Rab8 27. Rab1 Be8 28. a5 Ba4 29. Rxb8 Rxb8 30. f3 Bxc2 31. Rc1 Bd3 32. Ne5 c4 33. Nc6 Rb5 34. Ra1 a6 35. Nb4 exf3 36. gxf3 f4 37. exf4 e5 38. Nxa6 exf4 39. Nb4 Rb8 40.
a6 Ra8 41. a7 Bf5 42. Nd5 Bc8 43. Nb6 Bb7 44. Nxa8 Bxa8 45. Rb1 Kf7 46. Rb8 Bxf3 47. a8=Q Bxa8 48. Rxa8 g5 49. Kf2 Kg6 50. Rc8 h5 51.
Rxc4 Kf5 52. Rc5+ Kg4 53. Rd5 h4 54. h3+ Kh5 55. c4 Kh6 56. Kf3 1-0

[Event "*** Titled Tuesday Blitz"]
[Site "Chess.com"]
[Date "2020.05.26"]
[Round "8"]
[White "ChelsieMonica"]
[Black "wild_cat99"]
[Result "0-1"]
[WhiteElo "2389"]
[BlackElo "2562"]
[TimeControl "180+1"]
[EndTime "11:41:56 PDT"]
[Termination "wild_cat99 won by checkmate"]

1. c4 Nf6 2. Nf3 g6 3. e3 Bg7 4. Be2 O-O 5. O-O d5 6. cxd5 Nxd5 7. Nc3 c5 8. d4 Nc6 9. h3 Nxc3 10.
bxc3 Qc7 11. Rb1 b6 12. dxc5 Bf5 13. Rb3 Rfd8 14. Qe1 bxc5 15. c4 Na5 16. Rb5 Nb7 17.
Ba3 a6 18. Rb3 Na5 19. Rb2 Bxb2 20. Bxb2 Qb6 21. Qc3 f6 22. g4 Be6 23. Ng5 Bc8 24.
Ne4 Bb7 25. Bf3 Rab8 26. Ba3 Bxe4 27. Bxe4 Nc6 28. Bd5+ Kg7 29. g5 Ne5 30. f4 Nc6 31. Rf2 Qb1+ 32. Kg2 Nb4 33. gxf6+ exf6 34. Bf3 Qd3 35.
Qc1 Re8 36. e4 Rxe4 37. Rd2 Qxc4 38. Rd7+ Kh8 39. Qb2 Rxf4 40. Qd2 Qc2 41. Bxb4 Qxd2+ 42. Bxd2 Rd4 43. Rxd4 cxd4 44. Kf2 Rb2 45. Ke2 Rxa2 46. Kd3 Ra3+ 47. Ke2 a5 48. h4 a4 49. h5 Rb3 50.
hxg6 hxg6 51. Bd5 Rh3 52. Bb4 a3 53. Bc5 d3+ 54. Kd2 a2 55. Bd4 Kg7 56. Kc3 a1=Q+ 57. Kc4 Qa4+ 58. Kc5 d2 59. Kd6 d1=Q 60. Ke7 Qb4+ 61. Ke8 Qe2+ 62. Be5 Rh8+ 63. Kd7 Qeb5+ 64. Bc6 Q4a4 65. Bxf6+ Kxf6 66. Kd6 Qxc6# 0-1

[Event "*** Titled Tuesday Blitz"]
[Site "Chess.com"]
[Date "2020.05.26"]
[Round "8"]
[White "Grineva_Marianna"]
[Black "Belka1989"]
[Result "1-0"]
[WhiteElo "2154"]
[BlackElo "2339"]
[TimeControl "180+1"]
[EndTime "11:41:56 PDT"]
[Termination "Grineva_Marianna won by resignation"]

1. d4 Nf6 2. c4 e5 3. dxe5 Ng4 4.
Nf3 Bc5 5. e3 Nc6 6. Nc3 O-O 7.
Be2 Re8 8. O-O Ngxe5 9. a3 a5 10. b3 Nxf3+ 11. Bxf3 Ne5 12. Bb2 Ra6 13. Ne4 Bf8 14. Ng3 Rh6 15. Be4 Qh4 16. h3 d6 17. Bf5 Qg5 18. Bxc8 Rxc8 19. Qd5 c6 20. Qe4 Re6 21. f4 Qxg3 22. fxe5 dxe5 23. Rf3 Qg6 24. Qxg6 hxg6 25. Rd1 Bc5 26. Kf2 Rc7 27. Ke2 Ree7 28. Rff1 f6 29. Rd8+ Kf7 30. Rfd1 b5 31. Ra8 Ra7 32.
Rdd8 bxc4 33. bxc4 Reb7 34. Bc1 Ke6 35. Re8+ Kf7 36.
Rec8 Rc7 37. Rxa7 Rxa7 38. Rxc6 Be7 39. c5 Rb7 40. Kd3 Ke8 41. Kc4 Kd7 42. Rb6 Rc7 43. Rb5 Ke6 44. Rxa5 Kd7 45. a4 Ke6 46. Ba3 Kf5 47.
Rb5 Ke4 48. Rb6 Kxe3 49. Kb5 Kf2 50. a5 Kxg2 51. a6 e4 52. Rb7 Rc8 53. a7 e3 54.
Bc1 Rxc5+ 55. Kb6 Rc8 56. Rb8 Bd8+ 57. Kb7 Rxb8+ 58. axb8=Q e2 59. Bd2 Kf1 60. Qxd8 f5 61. Qe7 1-0

[Event "*** Titled Tuesday Blitz"]
[Site "Chess.com"]
[Date "2020.05.26"]
[Round "8"]
[White "NormWeinstein"]
[Black "2346PL"]
[Result "0-1"]
[WhiteElo "2364"]
[BlackElo "2511"]
[TimeControl "180+1"]
[EndTime "11:41:58 PDT"]
[Termination "2346PL won on time"]

1. e4 c5 2. Nf3 Nf6 3. Nc3 Nc6 4.
e5 Ng4 5. Qe2 Qc7 6. Nd5 Qb8 7.
d4 cxd4 8. Bf4 e6 9. h3 exd5 10.
hxg4 Bb4+ 11. Kd1 Qc7 12. g3 Qb6 13. Qd3 h6 14. g5 d6 15. gxh6 gxh6 16. exd6 Be6 17.
a3 Bc5 18. b4 Bxb4 19. axb4 Qxb4 20. Qb3 Qxb3 21. cxb3 Bg4 22. Bg2 Kd7 23. Kd2 a5 24.
Rxh6 Rxh6 25. Bxh6 b5 26. Bf4 a4 27. bxa4 bxa4 28.
Ne5+ Nxe5 29. Bxe5 Be6 30. Ra3 f6 31. Bxf6 Kxd6 32.
Bxd4 Bd7 33. Be3 Rh8 34. Bf3 Rh2 35. Bd1 Rh8 36. Bd4 Ra8 37. Bb2 Bb5 38. Be2 Bc6 39.
Bd3 Rf8 40. Bd4 Re8 41. Be3 Ke5 42. Ra2 d4 43. Bf4+ Kd5 44. Rc2 Bd7 45. Bc4+ Ke4 46. Be2 Kd5 47. Rb2 Bc6 48. Bf3+ Kc5 49. Rc2+ Kb4 50.
Bxc6 Rc8 51. Kd3 a3 52. Rc4+ Kb3 53. Kxd4 Rd8+ 54. Kc5 a2 55. Rb4+ Kc3 56. Be5+ Kc2 57. Ra4 Re8 58. Rxa2+ Kb1 59. Re2 Re6 0-1

[Event "*** Titled Tuesday Blitz"]
[Site "Chess.com"]
[Date "2020.05.26"]
[Round "8"]
[White "Sam_ChessMood"]
[Black "ftorodent"]
[Result "1-0"]
[WhiteElo "2859"]
[BlackElo "2667"]
[TimeControl "180+1"]
[EndTime "11:41:59 PDT"]
[Termination "Sam_ChessMood won by resignation"]

1. e4 e6 2. d4 d5 3. Nc3 Bb4 4.
e5 Qd7 5. Qg4 f5 6. Qg3 b6 7. a3 Bxc3+ 8. bxc3 Ba6 9. Bxa6 Nxa6 10. Ne2 O-O-O 11. h4 Nb8 12. Nf4 Nc6 13. Nh5 g6 14. Nf4 Nge7 15. Nd3 h6 16. a4 Na5 17. O-O Rdg8 18. Ba3 g5 19. Bb4 Nc4 20. a5 Nc6 21. axb6 cxb6 22. Bd6 f4 23. Qh2 f3 24. g3 g4 25. Rfe1 h5 26. Kh1 N6a5 27. Qg1 Kb7 28. Reb1 Ka8 29. Rb4 Nc6 30. Rb3 Rb8 31. Qc1 Nxd6 32.
exd6 Qxd6 33. Ra6 e5 34. dxe5 Nxe5 35. Qf4 Nc4 36. Rba3 Rh7 37. Qf5 Rc7 38. Ra1 Nd2 39.
Qxh5 Ne4 40. Qxg4 Nxc3 41. Qxf3 Ne4 42. Qe3 Qc6 43. Qd4 Nc3 44. Nb4 Qb7 45. Kh2 Nb5 46.
Qd3 Rc4 47. Nxd5 Nd6 48. Nxb6+ Qxb6 49. Rxb6 Rxb6 50. Qd5+ Kb8 51. Re1 Rxc2 52. Kg1 Rc8 53. Re6 Nc4 54. Rxb6+ axb6 55. h5 Rc5 56. Qd4 Ne5 57. Qe4 Nf7 58. Qe8+ 1-0

[Event "*** Titled Tuesday Blitz"]
[Site "Chess.com"]
[Date "2020.05.26"]
[Round "8"]
[White "gena217"]
[Black "nihalsarin"]
[Result "1/2-1/2"]
[WhiteElo "2863"]
[BlackElo "3029"]
[TimeControl "180+1"]
[EndTime "11:42:01 PDT"]
[Termination "Game drawn by stalemate"]

1. e4 Nf6 2. e5 Nd5 3. d4 d6 4. c4 Nb6 5. exd6 cxd6 6. d5 e5 7. Nc3 Be7 8. Bd3 O-O 9. Nge2 f5 10. b3 N8d7 11. O-O e4 12. Bc2 Ne5 13. Nd4 Bf6 14.
Nce2 g5 15. a4 Bd7 16. a5 Nc8 17. a6 bxa6 18. Rxa6 Nb6 19. Ne6 Bxe6 20. dxe6 Qc8 21. Ra5 Qxe6 22. Nd4 Qd7 23. Qh5 Nexc4 24. Rxf5 Bxd4 25.
Rxg5+ Kh8 26. bxc4 Rae8 27. Rg4 Rf5 28. Qh4 Ref8 29.
Rf4 Nxc4 30. Bxe4 Rxf4 31. Bxf4 Qf7 32. Bg3 Nd2 33. Bg6 Qg7 34. Rd1 Bc3 35. Bd3 Nb3 36.
h3 Be5 37. Bxe5 dxe5 38. Re1 Nd4 39. Kh1 Rg8 40. Be4 Rf8 41. Bd5 Nf5 42. Qe4 Nd6 43. Qxe5 Qxe5 44. Rxe5 Rxf2 45. Re7 a5 46. Ra7 Rd2 47.
Rxa5 Nf5 48. Bf3 Ng3+ 49. Kh2 Nf1+ 50. Kg1 Ne3 51. Re5 Nc4 52. Re2 Rxe2 53. Bxe2 Ne5 54. Kf2 Kg7 55. g4 h6 56. Kg3 Kf6 57. h4 Nxg4 58. Kxg4 Kg7 59. Kh5 Kh8 60. Kxh6 Kg8 61. Bd3 Kh8 62. Bc4 1/2-1/2